 Dungeon Crawl Stone Soup version 0.16.1-11-g651b585 (webtiles) character file.

13842 hulla the Fighter (level 12, -12/88 HPs)
             Began as an Octopode Transmuter on Apr 6, 2015.
             Was a High Priest of Makhleb.
             Mangled by a minotaur
             ... wielding the cursed -2 short sword of Ru's Regard {pierce, rN++ MR-}
              (16 damage)
             ... in a labyrinth.
             The game lasted 02:10:40 (16785 turns).

hulla the Fighter (Octopode Transmuter)            Turns: 16785, Time: 02:10:40

Health: -12/88     AC:  2    Str: 15    XL:     12   Next: 10%
Magic:  18/18      EV: 29    Int: 29    God:    Makhleb [*****.]
Gold:   662        SH:  0    Dex: 18    Spells: 5 memorised, 2 levels left

rFire  + . .     SeeInvis .       - Unarmed
rCold  x . .     Clarity  .     (shield currently unavailable)
rNeg   + . .     SustAb   .     (helmet currently unavailable)
rPois  x         Gourm    .     (no amulet)
rElec  .         Spirit   .     q - ring of fire
rCorr  .         Warding  .     r - +4 ring of intelligence
rMut   .         Stasis   .     B - +6 ring of intelligence
MR     .....                    C - ring of positive energy
Stlth  ++........               L - ring of wizardry
                                P - ring of wizardry
                                (no ring)
                                (no ring)

@: mighty, spider-form, not resistant to hostile enchantments, unstealthy
A: almost no armour, amphibious, 8 rings, (constrict 8), (camouflage 0),
(gelatinous body 0)
a: End Transformation, Minor Destruction, Lesser Servant of Makhleb, Major
Destruction, Greater Servant of Makhleb, Renounce Religion


You were in a labyrinth.
You worshipped Makhleb.
Makhleb was extremely pleased with you.
You were not hungry.
You were a venomous arachnid creature.
You visited 2 branches of the dungeon, and saw 13 of its levels.
You visited the Abyss 1 time.
You also visited: Labyrinth and Sewer.

You collected 662 gold pieces.

Inventory:

Hand weapons
 a - a +0 blowgun
 I - a +0 spear
Missiles
 b - 71 arrows
 g - 13 stones (quivered)
 H - 14 needles of sleeping
 J - 17 arrows of flame
 M - 18 poisoned needles
Magical staves
 T - an uncursed staff of cold
Jewellery
 q - a ring of fire (left front leg)
 r - a +4 ring of intelligence (right front leg)
 B - a +6 ring of intelligence (on tentacle)
 C - a ring of positive energy (on tentacle)
 L - a ring of wizardry (on tentacle)
 P - a ring of wizardry (on tentacle)
 R - an uncursed ring of wizardry
Magical devices
 d - a wand of fireball (6)
 e - a wand of paralysis (9)
 m - a wand of random effects (16)
 n - a wand of teleportation (2)
 o - a wand of magic darts (14)
 p - a wand of digging (15)
Scrolls
 h - 4 scrolls of identify
 u - a scroll of enchant armour
 v - 5 scrolls of blinking
 x - 2 scrolls of fear
 y - 4 scrolls of teleportation
 z - a scroll of fog
 A - 8 scrolls of remove curse
 E - 2 scrolls of magic mapping
 N - a scroll of enchant weapon {unknown}
Potions
 c - a potion of invisibility
 f - a potion of flight
 i - 4 potions of haste
 j - 2 potions of resistance
 t - a potion of brilliance
 w - 2 potions of magic
 K - a potion of restore abilities
 O - a potion of curing
 U - a potion of mutation {unknown}
Comestibles
 k - 10 bread rations
 l - 4 meat rations
 W - 8 fruits


   Skills:
 - Level 10.5 Fighting
 - Level 0.2 Throwing
 + Level 9.3 Dodging
 - Level 1.5 Stealth
 - Level 10.4 Unarmed Combat
 - Level 2.0 Spellcasting
 - Level 3.2 Conjurations
 + Level 7.2 Transmutations
 - Level 3.0 Ice Magic
 - Level 3.2 Earth Magic
 - Level 4.1 Poison Magic


You had 2 spell levels left.
You knew the following spells:

 Your Spells              Type           Power        Failure   Level  Hunger
a - Beastly Appendage     Trmt           #####.       1%          1    None
b - Spider Form           Trmt/Pois      #####.....   2%          3    ###....
c - Sticks to Snakes      Trmt           #####.....   1%          2    ##.....
d - Ice Form              Ice/Trmt       ###.....     8%          4    ####...
e - Stone Arrow           Conj/Erth      ###...       7%          3    ###....


Dungeon Overview and Level Annotations

Branches:
Dungeon (9/15)             Temple (0/1) D:5            Lair (4/8) D:9
  Swamp: Lair:3-6    Shoals: Lair:3-6     Snake: Lair:3-6    Spider: Lair:3-6
    Orc: D:9-12

Altars:
Ashenzari
Gozag
Makhleb
Okawaru
Ru
Vehumet
Xom
Yredelemnul
Zin
The Shining One

Shops:
D:7 =   D:8 *

Annotations:
D:4 Edmund; Kingmaron's ghost, average VSAs
D:8 Joseph
D:9 Erolcha


Innate Abilities, Weirdness & Mutations

You cannot wear most types of armour.
You are amphibious.
You can wear up to eight rings at the same time.
((You can use your tentacles to constrict many enemies at once.))
((Your skin changes colour to match your surroundings (Stealth).))
((Your rubbery body absorbs attacks (AC +1).))


Message History

The minotaur barely misses your ball python.
The minotaur gores your ball python.
Your ball python dies!
The minotaur bellows!
Your ball python barely misses the minotaur.
Your ball python grabs the minotaur.
Your ball python constricts the minotaur.
The minotaur struggles to escape constriction.
Your ball python bites the minotaur but does no damage.
Your ball python constricts the minotaur.
The minotaur struggles to escape constriction.
Your ball python bites the minotaur but does no damage.
Your ball python constricts the minotaur.
The minotaur hits your ball python with a crystal short sword.
Your ball python dies!
The minotaur bellows!
The minotaur hits you with a crystal short sword!!
* * * LOW HITPOINT WARNING * * *
x2 The minotaur gores you!
You die...

. .# #.# ### ...
#.. # . ..# ## . #
#.# .. #.▓≈ #.#.#
.# #.▓≈≈.#.#.# .#
###
.▓≈<...'.###.#####
. .. .▓
#Hs.......# #.
##.▓ #S#####.###
.# ...▓ ▓####S..#
# #.#..... .(.(.#
#.#.....
.#.#.....# ###
#.##### # ### #.#
. ## .## ..


You could see a minotaur and 2 friendly adders.

Vanquished Creatures
  2 black mambas
  A komodo dragon (Lair:3)
  2 spiny frogs
  2 fire drakes
  2 polar bears (Lair:3)
  A slime creature (Lair:3)
  A two-headed ogre (D:8)
  2 yaks (Lair:2)
  2 basilisks (Lab)
  A shadow (Lab)
  Eustachio (D:8)
  A hungry ghost (D:7)
  Grum (D:8)
  4 wolves
  4 hippogriffs
  6 porcupines
  4 sky beasts
  2 slaves
  3 water moccasins
  7 crocodiles
  2 ice beasts
  A phantom (D:4)
  3 ogres
  A giant frog (Lair:1)
  5 scorpions
  A water moccasin skeleton (D:5)
  3 wights
  3 crimson imps
  A giant frog zombie (D:8)
  A quasit (D:6)
  2 orc priests
  2 centaur skeletons
  7 hounds
  8 jellies
  4 giant frog skeletons
  2 worker ants
  4 iguanas
  7 orc wizards
  Ijyb (D:2)
  Jessica (D:3)
  A hound zombie (D:5)
  Terence (D:3)
  22 river rats
  9 adders
  3 gnolls (D:6)
  3 giant mites
  A shadow imp (D:8)
  4 giant geckos
  15 oozes
  40 orcs
  8 ball pythons
  21 hobgoblins
  4 jackals
  7 quokkas
  15 bats
  7 giant cockroaches
  A giant gecko zombie (D:5)
  15 giant newts
  19 goblins
  10 kobolds
  23 rats
  3 ballistomycetes
340 creatures vanquished.

Vanquished Creatures (collateral kills)
  Pikel (D:5)
  2 yaks (Lair:2)
  A wolf (Lair:2)
  An ice beast (D:6)
  A wight (D:6)
6 creatures vanquished.

Vanquished Creatures (others)
  A giant newt (D:5)
  2 giant spores
  2 fungi (Lair:3)
  A plant (Lair:2)
6 creatures vanquished.

Grand Total: 352 creatures vanquished

Notes
Turn   | Place    | Note
--------------------------------------------------------------
     0 | D:1      | hulla, the Octopode Transmuter, began the quest for the Orb.
     0 | D:1      | Reached XP level 1. HP: 13/13 MP: 3/3
   190 | D:1      | Reached XP level 2. HP: 11/18 MP: 2/4
   964 | D:1      | Reached XP level 3. HP: 23/23 MP: 4/6
   969 | D:1      | Learned a level 3 spell: Spider Form
   972 | D:1      | Learned a level 2 spell: Sticks to Snakes
  1120 | D:2      | Noticed Ijyb
  1141 | D:2      | Killed Ijyb
  1141 | D:2      | Reached skill level 1 in Stealth
  1141 | D:2      | Reached skill level 1 in Poison Magic
  1230 | D:2      | Reached XP level 4. HP: 25/28 MP: 7/7
  2184 | D:3      | Noticed Jessica
  2195 | D:3      | Killed Jessica
  2232 | D:3      | Noticed Terence
  2241 | D:3      | Killed Terence
  2241 | D:3      | Reached XP level 5. HP: 30/33 MP: 5/9
  2299 | D:3      | Reached skill level 4 in Poison Magic
  2721 | D:3      | Found a burning altar of Makhleb.
  2721 | D:3      | Found an iron altar of Okawaru.
  2721 | D:3      | Noticed a hippogriff
  2758 | D:3      | Found a basalt altar of Yredelemnul.
  2961 | D:3      | Became a worshipper of Makhleb the Destroyer
  3855 | D:4      | Reached XP level 6. HP: 36/42 MP: 6/10
  4050 | D:4      | Noticed an ogre
  4242 | D:4      | Noticed an ogre
  4460 | D:4      | Noticed Edmund
  4594 | D:3      | Killed an ogre
  4804 | D:4      | Noticed a phantom
  5336 | D:4      | Killed a phantom
  5336 | D:4      | Reached skill level 5 in Fighting
  5336 | D:4      | Reached XP level 7. HP: 38/50 MP: 12/12
  5654 | D:4      | Killed an ogre
  5654 | D:4      | Acquired Makhleb's first power
  5654 | D:4      | Reached skill level 6 in Fighting
  5695 | D:4      | Noticed Kingmaron's ghost (average VSAs)
  5759 | D:4      | Learned a level 4 spell: Ice Form
  5850 | D:5      | Entered Level 5 of the Dungeon
  5986 | D:5      | Found a sacrificial altar of Ru.
  6040 | D:5      | Found a staircase to the Ecumenical Temple.
  6080 | D:5      | Reached skill level 7 in Fighting
  6080 | D:5      | Reached XP level 8. HP: 8/60 MP: 10/13
  6285 | D:5      | Found a glowing drain.
  6313 | D:5      | Acquired Makhleb's second power
  6323 | Sewer    | Entered a sewer
  7540 | D:5      | Reached skill level 8 in Fighting
  7627 | D:5      | Found a radiant altar of Vehumet.
  8143 | D:5      | Noticed Pikel
  8156 | D:5      | Killed Pikel
  8156 | D:5      | Acquired Makhleb's third power
  8156 | D:5      | Reached skill level 9 in Fighting
  8421 | D:5      | Reached XP level 9. HP: 62/70 MP: 10/14
  8436 | D:5      | Reached skill level 10 in Fighting
  9357 | D:6      | Reached skill level 1 in Ice Magic
  9807 | D:7      | Found an opulent altar of Gozag.
  9807 | D:7      | Found Qawi's Jewellery Boutique.
 10054 | D:7      | Acquired Makhleb's fourth power
 10321 | D:7      | Found a glowing golden altar of the Shining One.
 10533 | D:7      | Reached skill level 5 in Transmutations
 10546 | D:7      | Found a shattered altar of Ashenzari.
 10785 | D:8      | Noticed Joseph
 11058 | D:8      | Found a burning altar of Makhleb.
 11072 | D:8      | Noticed Grum
 11289 | D:8      | Killed Grum
 11368 | D:8      | Noticed Eustachio
 11369 | D:8      | Found Zin's Purification Station.
 11370 | D:8      | Found a glowing silver altar of Zin.
 11380 | D:8      | Killed Eustachio
 11380 | D:8      | Reached skill level 5 in Unarmed Combat
 11380 | D:8      | Reached XP level 10. HP: 52/77 MP: 16/16
 11873 | D:8      | Found a shimmering altar of Xom.
 12102 | D:8      | Noticed Erolcha
 12261 | D:9      | Found a staircase to the Lair.
 12272 | D:9      | Cast into the Abyss (Erolcha)
 12272 | Abyss:1  | Found a corrupted altar of Lugonu.
 12363 | Abyss:2  | Found a corrupted altar of Lugonu.
 12385 | D:9      | Escaped the Abyss
 12392 | Lair:1   | Entered Level 1 of the Lair of Beasts
 12420 | Lair:1   | Learned a level 3 spell: Stone Arrow
 12420 | Lair:1   | Reached XP level 11. HP: 82/82 MP: 17/17
 12759 | Lair:1   | Reached skill level 1 in Conjurations
 12759 | Lair:1   | Reached skill level 1 in Earth Magic
 13902 | Lair:2   | Acquired Makhleb's fifth power
 14985 | Lair:3   | Reached skill level 10 in Unarmed Combat
 15652 | Lair:3   | Reached XP level 12. HP: 66/88 MP: 15/18
 15817 | Lair:4   | Found a labyrinth entrance.
 15824 | Lab      | Entered a labyrinth
 16493 | Lab      | Noticed a minotaur
 16785 | Lab      | HP: 4/88 [minotaur/crystal short sword (4)]
 16785 | Lab      | Identified the cursed -2 short sword of Ru's Regard {pierce, rN++ MR-}
 16785 | Lab      | Mangled by a minotaur

Action                   |  1- 3 |  4- 6 |  7- 9 | 10-12 || total
-------------------------+-------+-------+-------+-------++-------
Melee: Unarmed           |    89 |   198 |   484 |   319 ||  1090
       Staff             |       |       |       |     8 ||     8
 Fire: Blowgun           |       |       |       |    12 ||    12
Throw: Stone             |     8 |     3 |    35 |    17 ||    63
 Cast: Beastly Appendage |    15 |    15 |    13 |     6 ||    49
       Spider Form       |     2 |    20 |    47 |    13 ||    82
       Sticks to Snakes  |       |       |    25 |    19 ||    44
       Ice Form          |       |       |     2 |    27 ||    29
       Stone Arrow       |       |       |       |    23 ||    23
 Abil: End Transformatio |       |       |     3 |     2 ||     5
  Use: Potion            |     4 |     1 |     2 |     4 ||    11
       Scroll            |     1 |     7 |    10 |     7 ||    25
 Stab: Sleeping          |     3 |     2 |    11 |     2 ||    18
       Distracted        |       |       |     2 |       ||     2
  Eat: Chunk             |     2 |    14 |    17 |    24 ||    57
       Meat ration       |       |       |     2 |       ||     2
       Pizza             |       |       |     1 |       ||     1
       Fruit             |       |       |       |     3 ||     3
